woodfighter, chaotic female elven Rogue ----- ------- |<..| |.....| #-...| ----- |.....-######|..^| |...| |.....| |...-# |>... ----.-- -----# |.u.| # # -@-. ### # ### # # ### # # ### ----|----- # ## |....<...| # -)-- |........| #---f.--- |........| #-......| ---------- |......| .......| ---..--- ---- woodfighter the Rogue Experience level: 8 Strength: 16 Dexterity: 18 Constitution: 16 Intelligence: 8 Wisdom: 11 Charisma: 8 Health: 0(62) Energy: 40(40) Def: 9 Gold: 0 Moves: 6140 Dungeon seed: fqIhYLAzJIzQ8H5y Game ID: woodfighter_1515536255 Your Inventory: Amulets c - a cursed amulet of reflection (being worn) Weapons a - a blessed +2 elven spear named Spear of Legend (weapon in hand) b - 14 +0 elven daggers (in quiver) Armor w - an uncursed +0 pair of speed boots (being worn) x - an uncursed +0 pair of leather gloves (being worn) z - an uncursed +0 elven mithril-coat (being worn) U - an uncursed +0 elven shield (being worn) V - an uncursed +0 dwarvish cloak (being worn) Y - an uncursed +0 orcish helm (being worn) Comestibles i - 5 uncursed food rations o - 9 uncursed tripe rations F - an uncursed pancake I - 2 uncursed cloves of garlic O - 6 uncursed magic beans X - 4 uncursed lembas wafers Z - an uncursed candy bar Rings h - an uncursed ring of free action (on right hand) H - an uncursed ring of searching (on left hand) Wands f - a wand of sleep (0:6) n - a wand of digging (0:7) q - a wand of teleportation (0:2) K - a wand of sleep (0:4) Tools g - an uncursed blindfold s - an uncursed bag of holding y - an uncursed lock pick Spells and supernatural/magical abilities: Name Level Category Fail Memory W - pray for help -- divine ? -- Your skills at the end: Miscellaneous Skills wands [Basic] Weapon Skills dagger [Basic] short sword [Basic] spear [Basic] Spellcasting Skills Final Attributes: You were piously aligned. You were cold resistant. You were sleep resistant. Your writing hand was ok. You were telepathic. You had automatic searching. You had infravision. You were stealthy. You were very fast. You had reflection. You had free action. You are dead. Vanquished creatures: 2 giant mimics a small mimic a giant beetle 2 wolves a leprechaun a brown pudding a piranha 3 fire ants a baby crocodile a rock piercer a gnome lord 2 golden naga hatchlings a ghoul 2 straw golems 4 paper golems a floating eye a kitten a homunculus a kobold lord an iguana 9 hill orcs a rothe a rabid rat a centipede 3 jitterbugs a monkey 3 orc zombies 2 wererats 2 coyotes 2 gas spores a hobbit 2 acid blobs 2 large kobolds 8 geckos 4 hobgoblins 5 giant rats a cave spider 4 brown molds 3 yellow molds 4 green molds 2 red molds 3 gnome zombies 13 jackals 4 foxes 2 kobolds 9 newts 3 goblins 8 sewer rats 5 grid bugs 4 bats 5 lichens 2 kobold zombies 148 creatures vanquished. Voluntary challenges: You did not cause conflict. You were not invisible. You did not have reflection until turn 5907. You were not displaced. You had been an atheist until turn 1966. You used a wielded weapon 179 times, starting on turn 27. You did not apply a unicorn horn. You did not use plumbed fixtures. You did not drink any magical draughts. You read items or engraved 2 times, starting on turn 2240. You never genocided any monsters. You never polymorphed an object. You changed form 1 time, starting on turn 3447. You completed Sokoban on turn 5837, according to the rules. You used no wishes. You never split a pudding. You never wrote Elbereth's name. You never violated your personal moral code. Dungeon overview: The Dungeons of Doom: levels 1 to 8 Level 1 a fountain a long staircase Level 2 a potion shop stairs to The Gnomish Mines Level 3 a fountain Level 4 Level 5 Level 6 (vault) a sink Level 7 many fountains Level 8 <- You were here stairs to Sokoban The Gnomish Mines: Level 3 stairs to The Dungeons of Doom Sokoban: levels 4 to 7 Level 4 a magic chest Level 5 a sink Level 6 Level 7 an altar to Mog, a magic chest stairs to The Dungeons of Doom History has recorded: On T:1 you entered the Dungeons of Doom to retrieve the Amulet of Yendor! On T:51 you reached level 2 of The Dungeons of Doom. On T:345 you reached level 1 of The Gnomish Mines. On T:424 you reached level 3 of The Dungeons of Doom. On T:874 you reached level 4 of The Dungeons of Doom. On T:907 you advanced to experience level 2. On T:1126 you advanced to experience level 3. On T:1167 you reached level 5 of The Dungeons of Doom. On T:1419 you advanced to experience level 4. On T:1891 you reached level 6 of The Dungeons of Doom. On T:1966 you prayed to Kos. On T:2034 you advanced to experience level 5. On T:2134 you reached level 7 of The Dungeons of Doom. On T:2921 you advanced to experience level 6. On T:3388 you reached level 8 of The Dungeons of Doom. On T:3449 you prayed to Kos. On T:3649 you reached level 4 of Sokoban. On T:3826 you opened a magic chest. On T:4057 you reached level 3 of Sokoban. On T:4632 you reached level 2 of Sokoban. On T:4690 you advanced to experience level 7. On T:5095 you reached level 1 of Sokoban. On T:5837 you advanced to experience level 8. On T:5837 you entered the Sokoban zoo. Score breakdown: Gold: 0 ( 0 points) Experience: 8 levels ( 700 points) Exploration: 8 levels ( 210 points) Discoveries: 17 items ( 850 points) Variety of kills: 52 monsters ( 2000 points) Major goal: finished Sokoban ( 1000 points) Survival: died (score multiplied by 3) Total score: 14280 Latest messages: The fire ant misses. (2x) The fire ant bites! The fire ant misses. You kill the fire ant! This fire ant corpse tastes terrible! You finish eating the fire ant corpse. You see here a food ration. i - an uncursed food ration. There is a doorway here. You see here a crude dagger. The white unicorn butts! The white unicorn kicks! You jab the white unicorn! The door resists! The door opens. The white unicorn butts! The white unicorn kicks! The white unicorn butts! The white unicorn misses. You jab the white unicorn! The white unicorn butts! The white unicorn kicks! The white unicorn butts! You die... The bag of holding is empty. The bag of holding is empty. Final status: Goodbye woodfighter the Rogue, killed by a white unicorn... You died in The Dungeons of Doom on dungeon level 8 with 14280 points, and 0 pieces of gold, after 6140 moves. You were level 8 with a maximum of 62 hit points when you died.